 Dungeon Crawl Stone Soup version 0.26.1-11-gd32895ea62 (webtiles) character file.

Game seed: 10427886996939776331

81 pablopetrus the Ruffian (level 4, -4/36 HPs)
             Began as a Draconian Transmuter on May 19, 2021.
             Slain by an orc priest
             ... wielding a +0 flail
              (13 damage)
             ... on level 2 of the Dungeon.
             The game lasted 00:11:36 (1986 turns).

pablopetrus the Ruffian (Draconian Transmuter)      Turns: 1986, Time: 00:11:37

Health: -4/36      AC:  9    Str: 13    XL:     4   Next: 19%
Magic:  5/7        EV:  9    Int: 14    God:
Gold:   74         SH:  7    Dex: 11    Spells: 4/7 levels left

rFire    . . .     SeeInvis .   h - +0 short sword
rCold    . . .     Faith    .   m - +0 kite shield
rNeg     . . .     Spirit   .   (armour unavailable)
rPois    .         Reflect  .   (helmet restricted)
rElec    .         Harm     .   f - +0 cloak
rCorr    .         Rampage  .   (no gloves)
Will     .....                  j - +2 pair of boots
Stlth    ++........             (no amulet)
HPRegen  0.12/turn              (no ring)
MPRegen  0.10/turn              (no ring)

@: wereblooded (expiring)
A: unfitting armour, cold-blooded, AC +5
a: no special abilities


You were on level 2 of the Dungeon.
You visited 1 branch of the dungeon, and saw 3 of its levels.

You collected 74 gold pieces.

Inventory:

Hand Weapons
 h - a +0 short sword (weapon)
Armour
 f - a +0 cloak (worn)
 j - a +2 pair of boots (worn)
 m - a +0 kite shield (worn)
Scrolls
 a - a scroll of identify
 b - a scroll of fog {unknown}
 d - 2 scrolls of teleportation {unknown}
 e - 2 scrolls of enchant armour {unknown}
 i - 4 scrolls of remove curse
 k - a scroll of enchant weapon {unknown}
 l - 2 scrolls of amnesia {unknown}
Potions
 g - a potion of berserk rage


   Skills:
 + Level 2.0 Fighting
 + Level 2.2 Dodging
 + Level 1.3 Stealth
 + Level 0.5 Shields
 + Level 3.3 Unarmed Combat
 + Level 2.3 Spellcasting
 + Level 2.5 Transmutations


You had 4 spell levels left.
You knew the following spells:

 Your Spells              Type           Power        Failure   Level
a - Beastly Appendage     Tmut           16%          45%         1
b - Wereblood             Tmut           8%           61%         2

Your spell library contained the following spells:

 Spells                   Type           Power        Failure   Level
 Spider Form              Tmut/Pois      2%           95%         3
 Ice Form                 Ice/Tmut       5%           100%        4
 Blade Hands              Tmut           4%           100%        5


Dungeon Overview and Level Annotations

Branches:
Dungeon (3/15)

Altars:


Innate Abilities, Weirdness & Mutations

Your plain brown scales are hard. (AC +5)
You cannot fit into any form of body armour.
You are cold-blooded and may be slowed by cold attacks.


Message History

The orc priest begins to cast a cantrip, but forgets the words!
The orc barely misses you.
The quokka bites you but does no damage.
The orc priest hits you with a +0 flail.
* * * LOW HITPOINT WARNING * * *
You block the quokka's attack. The worm bites you.
* * * LOW HITPOINT WARNING * * *
The worm bites you but does no damage. You block the orc's attack.
You climb upwards.
There is a stone staircase leading down here.
You completely miss the orc.
The orc is almost dead.
Your primal bloodlust is almost over.
The quokka barely misses you. You block the orc priest's attack.
You block the orc's attack. You block the worm's attack.
The worm barely misses you. You block the quokka's attack.
You hit the orc.
You kill the orc!
The orc priest hits you with a +0 flail!
You die...

###### ### #....# ..## #....#
...## #....# ....# #....# ....#
#....# >...###### #....###
.........####..o.w.##
....####...##...@w..###########
...### ##........r........)...#
.....## #..#.###.#............#
####..# ##.........#..........#
##.####.#.###.#.#..........#
### #...##.#.#$#.#.#..........#
..#
###....#.###.#............###
..# ##.#.........#.............
..# ##.#.#.###.#.#...........#.


You could see 2 worms, an orc priest and a quokka.

Vanquished Creatures
  2 adders (D:2)
  An ooze (D:1)
  3 worms (D:2)
  2 dart slugs (D:2)
  A leopard gecko (D:2)
  3 orcs
  A ball python (D:1)
  6 hobgoblins (D:1)
  3 kobolds
  A quokka (D:2)
  5 bats
  3 frilled lizards
  6 goblins
  8 rats
45 creatures vanquished.

Notes
Turn   | Place    | Note
-------+----------+-------------------------------------------
     0 | D:1      | pablopetrus the Draconian Transmuter began the quest for
                  | the Orb.
     0 | D:1      | Reached XP level 1. HP: 16/16 MP: 3/3
   167 | D:1      | Reached XP level 2. HP: 13/23 MP: 3/5
   397 | D:1      | Learned a level 2 spell: Wereblood
   500 | D:1      | Reached skill level 1 in Stealth
   753 | D:2      | Reached XP level 3. HP: 28/28 MP: 6/6
  1587 | D:2      | Reached XP level 4. HP: 16/36 MP: 7/7
  1986 | D:2      | Slain by an orc priest

Illustrated notes

Levels and vault maps discovered:
D:1:      nagdon_arrival_double_spiral, layout_basic
D:2:      layout_rooms, minmay_surrounded
D:3:      layout_basic, nicolae_overflow_hidden_temple

Skill      XL: |  1  2  3  4 |
---------------+-------------+-----
Dodging        | 2 |  2.2
Stealth        | 1 |  1.3
Fighting       | 2 |  2.0
Shields        | |  0.5
Unarmed Combat | |  3.3
Spellcasting   | |  2.3
Transmutations | |  2.5

Action                   |  1- 3 |  4- 6 || total
-------------------------+-------+-------++-------
Melee: Unarmed           |    38 |       ||    38
       Tailslap          |    26 |     1 ||    27
       Kick              |     6 |     2 ||     8
       Short sword       |   156 |    18 ||   174
       Headbutt          |     1 |     2 ||     3
 Cast: Beastly Appendage |     4 |     1 ||     5
       Wereblood         |       |     1 ||     1
  Use: Scroll            |     3 |       ||     3
       Potion            |     2 |       ||     2
 Stab: Sleeping          |     2 |     1 ||     3
Armor: Skin              |   106 |    14 ||   120
Dodge: Dodged            |   100 |    20 ||   120
Block: Kite shield       |    51 |    17 ||    68
